 Dungeon Crawl Stone Soup version 0.30.0-12-gd5a94ecb5d (webtiles) character file.

Game seed: 2697533477739698103

67 CaptainMV the Twirler (level 3, -1/26 HPs)
             Began as a Demonspawn Wanderer on May 17, 2023.
             Killed from afar by Sigmund (7 damage)
             ... with a magic dart
             ... on level 3 of the Dungeon.
             The game lasted 00:08:04 (1245 turns).

CaptainMV the Twirler (Demonspawn Wanderer)         Turns: 1245, Time: 00:08:05

Health: -1/26      AC:  8    Str: 14    XL:     3   Next: 98%
Magic:  3/3        EV:  9    Int: 11    God:
Gold:   141        SH:  0    Dex: 14    Spells: 2/2 levels left

rFire   . . .        a - staff of cold
rCold   + . .        (no shield)
rNeg    . . .        d - +0 scale mail
rPois   .            (no helmet)
rElec   .            (no cloak)
rCorr   .            (no gloves)
SInv    .            (no boots)
Will    .....        f - amulet of regeneration Stlth
                     (no ring)
HPRegen 1.04/turn    (no ring)
MPRegen 0.08/turn

%: no passive effects
@: no status effects
A: claws 1, icy blue scales 1
a: no special abilities


You were on level 3 of the Dungeon.
You visited 1 branch of the dungeon, and saw 3 of its levels.

You collected 141 gold pieces.

Inventory:

Hand Weapons
 j - a +0 quarterstaff
Armour
 d - a +0 scale mail (worn)
Magical Staves
 a - a staff of cold (weapon)
Jewellery
 f - an amulet of regeneration (around neck)
Scrolls
 g - a scroll of blinking
 i - a scroll of enchant weapon
Potions
 b - a potion of invisibility
 c - 2 potions of berserk rage
 e - 4 potions of curing
 h - a potion of haste {unknown}


   Skills:
 + Level 1.2 Fighting
 + Level 3.5 Staves
 + Level 2.1 Armour
 + Level 1.1 Dodging
 + Level 3.2 Unarmed Combat
 + Level 1.0 Evocations


You had 2 spell levels left.
You didn't know any spells.
Your spell library contained the following spells:

 Spells                   Type           Power      Damage    Failure   Level
 Lesser Beckoning         Tloc           0%         N/A       92%         2
 Gell's Gravitas          Tloc           0%         N/A       99%         3
 Teleport Other           Tloc           0%         N/A       99%         3


Dungeon Overview and Level Annotations

Branches:
Dungeon (3/15)

Altars:

Annotations:
D:3 Sigmund


Innate Abilities, Weirdness & Mutations

You have sharp fingernails.
You are partially covered in icy blue scales. (AC +2)


Message History

The adder bites you but does no damage.
You hit the adder.
The adder is almost dead.
The adder bites you but does no damage.
You miss the adder.
The adder is almost dead.
The adder bites you.
You miss the adder.
The adder is almost dead.
The adder bites you but does no damage. The adder completely misses you.
You hit the adder.
You kill the adder!
You see here an adder corpse.
You open the door.
There is an open door here.
Sigmund the Dreaded comes into view.
He is wielding a +1 vampiric scythe.
Sigmund shouts!
Sigmund gestures wildly while chanting.
Sigmund flickers and vanishes!
Deactivating autopickup; reactivate with Ctrl-A.
Something hits you! Something hits you!
You barely miss something. You hit something but do no damage.
You hear some strange, mumbled words.
A puff of flame appears from out of thin air!
The puff of flame hits you.
You hit something. Something hits you but does no damage.
You miss something. Something hits you.
You hit something but do no damage. You miss something.
You hear some strange, mumbled words.
A magic dart appears from out of thin air!
The magic dart hits you!
* * * LOW HITPOINT WARNING * * *
You miss something.
You hear some strange, mumbled words.
A magic dart appears from out of thin air!
The magic dart hits you!
You die...

## ##.# ##...## ###
#.#.....###.########
#.....{@...#.......#
#####.#####.######.#####
# ### #.......#
#.......# #.......#
#.......# ##.......#
##........# #.........#


There were no monsters in sight!

Vanquished Creatures
  3 adders (D:3)
  A worm (D:2)
  A dart slug (D:1)
  10 ball pythons
  3 endoplasms (D:1)
  4 goblins
  2 hobgoblins
  4 bats
  4 kobolds (D:1)
  A rat (D:1)
33 creatures vanquished.

Notes
Turn   | Place    | Note
-------+----------+-------------------------------------------
     0 | D:1      | CaptainMV the Demonspawn Wanderer began the quest for the
                  | Orb.
     0 | D:1      | CaptainMV set off with the following items: a +0
                  | quarterstaff, a potion of invisibility, a potion of berserk
                  | rage, a +0 scale mail, a potion of curing.
     0 | D:1      | Reached XP level 1. HP: 13/13 MP: 1/1
    51 | D:1      | Gained mutation: You have sharp fingernails. [demonic
                  | ancestry]
    51 | D:1      | Reached XP level 2. HP: 19/19 MP: 2/2
   633 | D:1      | Gained mutation: You are partially covered in icy blue
                  | scales. (AC +2) [demonic ancestry]
   633 | D:1      | Reached XP level 3. HP: 24/24 MP: 3/3
   820 | D:2      | You fall into a shaft and drop 1 floor!
  1049 | D:3      | Reached skill level 1 in Fighting
  1234 | D:3      | Noticed Sigmund
  1245 | D:3      | Killed from afar by Sigmund

Illustrated notes

Levels and vault maps discovered:
D:1:      erik_arrival_cave_to_civilisation [erik_arrival_cave_to_hall],
          layout_rooms, serial_forest, infiniplex_forest_clump_tiny,
          infiniplex_forest_pool, infiniplex_forest_lined_room_2,
          infiniplex_forest_lined_3, infiniplex_forest_zigzag_1,
          infiniplex_forest_clump_tiny, infiniplex_forest_clump_curved,
          infiniplex_forest_corner_1
D:2:      layout_loops_ring, basic_altar, minmay_split_cup_large
D:3:      layout_loops_corners, nicolae_overflow_hidden_temple, uniq_ijyb,
          uniq_sigmund, uniq_terence

Skill      XL: |  1  2  3 |
---------------+----------+-----
Unarmed Combat | 3 |  3.2
Staves         | 3 |  3.5
Armour         | 2 |  2.1
Fighting       | 1 |  1.2
Dodging        | |  1.1
Evocations     | |  1.0

Action                     || total
---------------------------++-------
  Melee: Quarterstaff      ||   146
         Staff             ||    79
         Punch             ||     2
    Use: Scroll            ||     2
 Armour: Scale mail        ||    66
  Dodge: Dodged            ||    45
